 Dungeon Crawl Stone Soup version 0.27.1-34-g3ba077fa99 (webtiles) character file.

Game seed: 9583511498655008938

1337 mtoz the Skirmisher (level 8, -1/53 HPs)
             Began as a Gargoyle Fighter on Jan 6, 2022.
             Slain by an ogre (17 damage)
             ... on level 6 of the Dungeon.
             The game lasted 00:20:11 (5870 turns).

mtoz the Skirmisher (Gargoyle Fighter)              Turns: 5870, Time: 00:20:12

Health: -1/53      AC: 21    Str: 23    XL:     8   Next: 61%
Magic:  8/8        EV:  5    Int:  8    God:
Gold:   234        SH: 11    Dex: 15    Spells: 7/7 levels left

rFire    . . .     SeeInvis .   n - +3 hand axe (freeze)
rCold    . . .     Faith    .   c - +0 kite shield
rNeg     + + .     Spirit   .   m - +0 plate armour
rPois    ∞         Reflect  .   g - +2 helmet
rElec    +         Harm     .   (no cloak)
rCorr    .         Rampage  .   (no gloves)
Will     .....                  (no boots)
Stlth    ..........             (no amulet)
HPRegen  0.17/turn              f - ring of positive energy
MPRegen  0.11/turn              q - +6 ring of dexterity

@: no status effects
A: sickness immunity, AC +5, negative energy resistance 1, electricity
resistance, torment resistance 1, petrification resistance
a: no special abilities


You were on level 6 of the Dungeon.
You visited 1 branch of the dungeon, and saw 6 of its levels.

You collected 234 gold pieces.

Inventory:

Hand Weapons
 a - a +0 war axe
 n - a +3 hand axe of freezing (weapon)
Missiles
 h - 2 throwing nets (quivered)
Armour
 b - a +0 scale mail
 c - a +0 kite shield (worn)
 d - a +0 buckler
 g - a +2 helmet (worn)
 m - a +0 plate armour (worn)
 p - a +1 hat
Jewellery
 f - a ring of positive energy (left hand)
 q - a +6 ring of dexterity (right hand)
Wands
 o - a wand of flame (4)
 r - a wand of iceblast (5)
Scrolls
 j - a scroll of teleportation
 k - a scroll of enchant armour
 l - a scroll of acquirement {unknown}
Potions
 e - a potion of heal wounds
 i - a potion of might
 s - a potion of magic {unknown}
 t - 2 potions of curing {unknown}
 u - 2 potions of berserk rage {unknown}


   Skills:
 * Level 7.0 Fighting
 * Level 5.4 Axes
 + Level 5.9 Armour
 + Level 5.9 Shields


You had 7 spell levels left.
You didn't know any spells.
Your spell library contained the following spells:

 Spells                   Type           Power      Damage    Failure   Level
 Sandblast                Erth           0%         2d4       100%        1
 Passwall                 Tmut/Erth      0%         N/A       100%        2
 Gell's Gravitas          Tloc           0%         N/A       100%        3
 Lesser Beckoning         Tloc           0%         N/A       100%        3
 Teleport Other           Tloc           0%         N/A       100%        3
 Lee's Rapid Deconstruct  Erth           0%         3d5*      100%        5


Dungeon Overview and Level Annotations

Branches:
Dungeon (5/15)             Temple (0/1) D:5

Altars:
Nemelex Xobeh
Uskayaw
Vehumet
Xom
Zin


Innate Abilities, Weirdness & Mutations

You are immune to sickness and miasma.
Your stone body is resilient. (AC +5)
You are immune to poison.
You resist negative energy. (rN+)
You are resistant to electric shocks. (rElec)
You are resistant to unholy torment.
You are immune to petrification.


Message History

You blink.
You barely miss the phantom.
The phantom is severely damaged.
The phantom hits you.
You miss the phantom.
The phantom is severely damaged.
You block the phantom's attack.
You miss the phantom.
The phantom is severely damaged.
You block the phantom's attack.
You slash the phantom!
You destroy the phantom!
Your Fighting skill increases to level 7!
Found a stone staircase leading down.
There is a stone staircase leading down here.
Found a brown potion.
You fall into a shaft and drop 1 floor!
The shaft crumbles and collapses.
An ice beast and an ogre come into view.
The ogre shouts!
You hear a shout! x2
Found 12 stones.
You open the door.
There is an open door here.
Found a brown potion.
A howler monkey zombie comes into view.
Okay, then.
Okay, then.
Sorry, you're not good enough to have a special ability.
Search for what [Enter for "."]? alta The ogre hits you with a +0 giant spiked club!
You slash the ogre! You freeze the ogre.
The ogre is heavily wounded.
The ogre hits you with a +0 giant spiked club!!
* * * LOW HITPOINT WARNING * * *
You are too injured to fight recklessly!
Your shield and plate armour prevent you from hitting the ogre.
The ogre is heavily wounded.
You hit the ice beast.
The ogre hits you with a +0 giant spiked club!
You die...

.......#..# ..
.......#..#####..
.........##.... #
#...........# .
#...Z.......+ #+# (
#...........###.### .
#.......Y...+..... .
#......@O...###.#####+#.
#...........'...........
#...........###.........
#..!........# ######....
#...........# #....
#...........# #....
############# #....
..... .....#


You could see an ice beast, an ogre and a howler monkey zombie.

Vanquished Creatures
  Edmund (D:4)
  A water moccasin (D:5)
  2 ogres (D:4)
  3 phantoms
  A kobold brigand (D:4)
  2 scorpions (D:5)
  A hound (D:5)
  A bullfrog zombie (D:5)
  A bullfrog skeleton (D:5)
  A jelly (D:5)
  2 gnoll shamans
  An iguana (D:5)
  An orc wizard (D:5)
  2 hound zombies (D:5)
  A hound skeleton (D:4)
  2 howler monkey skeletons (D:5)
  7 gnolls (D:4)
  9 adders
  A white imp (D:5)
  An ufetubus (D:5)
  An adder skeleton (D:4)
  3 worms
  A dart slug (D:2)
  4 orcs
  4 ball pythons
  7 endoplasms
  2 giant cockroaches
  6 goblins
  3 hobgoblins
  2 jackals (D:5)
  6 quokkas
  3 bats
  2 frilled lizards (D:2)
  6 kobolds
  4 rats
95 creatures vanquished.

Vanquished Creatures (others)
  A plant (D:1)
1 creature vanquished.

Grand Total: 96 creatures vanquished

Notes
Turn   | Place    | Note
-------+----------+-------------------------------------------
     0 | D:1      | mtoz the Gargoyle Fighter began the quest for the Orb.
     0 | D:1      | Reached XP level 1. HP: 14/14 MP: 1/1
   233 | D:1      | Reached XP level 2. HP: 19/19 MP: 2/2
  1138 | D:1      | Reached XP level 3. HP: 23/23 MP: 3/3
  1991 | D:2      | Reached XP level 4. HP: 29/29 MP: 4/4
  2366 | D:3      | Reached skill level 4 in Fighting
  2415 | D:3      | Found a hide-covered altar of Uskayaw.
  2417 | D:3      | Found a shimmering altar of Xom.
  2417 | D:3      | Found a radiant altar of Vehumet.
  2589 | D:3      | Found a glowing silver altar of Zin.
  3060 | D:3      | Found a faded altar of an unknown god.
  3281 | D:4      | Reached XP level 5. HP: 31/33 MP: 5/5
  3316 | D:4      | Noticed a phantom
  3349 | D:3      | Killed a phantom
  3596 | D:4      | Noticed a kobold brigand
  3642 | D:4      | Noticed Edmund
  3864 | D:4      | Killed a kobold brigand
  3865 | D:4      | Reached XP level 6. HP: 27/39 MP: 6/6
  4326 | D:4      | Reached skill level 5 in Fighting
  4573 | D:4      | Reached XP level 7. HP: 40/44 MP: 7/7
  4625 | D:4      | Found a sparkling altar of Nemelex Xobeh.
  4779 | D:4      | Killed Edmund
  4780 | D:4      | Reached skill level 5 in Armour
  4780 | D:4      | Reached skill level 5 in Shields
  4951 | D:5      | Entered Level 5 of the Dungeon
  5266 | D:5      | Reached skill level 6 in Fighting
  5276 | D:5      | Reached XP level 8. HP: 48/51 MP: 8/8
  5418 | D:5      | Reached skill level 5 in Axes
  5695 | D:5      | Found a staircase to the Ecumenical Temple.
  5749 | D:5      | Reached skill level 7 in Fighting
  5848 | D:5      | You fall into a shaft and drop 1 floor!
  5870 | D:6      | Slain by an ogre

Illustrated notes

Levels and vault maps discovered:
D:1:      dpeg_arrival_water_fire, layout_basic
D:2:      layout_rooms, kennysheep_generic_room_4
D:3:      layout_loops_corners, lemuel_crystal_altar,
          chequers_temple_overflow_statue_of_worship,
          ebering_ecumenical_altar_rust, mrwooster_statue_mirror,
          uniq_crazy_yiuf_cottage
D:4:      layout_rooms, lemuel_round_altar, kennysheep_generic_room_6,
          uniq_edmund
D:5:      minmay_opposing_rooms, layout_basic, minmay_temple_entry_antechambers,
          minmay_misc_feat_four_crosses, minmay_misc_feat_nine_boxes,
          minmay_fountain_box
D:6:      layout_basic, st_stairs_13

Skill      XL: |  1  2  3  4  5  6  7  8 |
---------------+-------------------------+-----
Axes           | 2 3 4 5 |  5.4
Armour         | 4 5 |  5.9
Shields        | 4 5 |  5.9
Fighting       | 4 5 6 7 |  7.0

Action                   |  1- 3 |  4- 6 |  7- 9 || total
-------------------------+-------+-------+-------++-------
Melee: War axe           |    91 |    34 |       ||   125
       Hand axe          |       |   128 |   161 ||   289
  Use: Potion            |     1 |     3 |       ||     4
       Scroll            |       |     5 |     1 ||     6
Armor: Scale mail        |    56 |    27 |       ||    83
       Plate armour      |       |    78 |    96 ||   174
Dodge: Dodged            |    25 |    36 |    34 ||    95
Block: Kite shield       |    36 |   108 |    71 ||   215
